 Dungeon Crawl Stone Soup version 0.20.0-8-g6b59dc7 (webtiles) character file.

4970 Haldmier the Fighter (level 10, -3/107 HPs)
             Began as an Ogre Earth Elementalist on June 2, 2017.
             Was a Believer of Ashenzari.
             Slain by a hornet (14 damage)
             ... on level 9 of the Dungeon.
             The game lasted 00:58:43 (12794 turns).

Haldmier the Fighter (Ogre Earth Elementalist)     Turns: 12794, Time: 00:58:44

Health: -3/107     AC:  4    Str: 14    XL:     10   Next: 53%
Magic:  0/19       EV: 15    Int: 17    God:    Ashenzari [**....]
Gold:   528        SH:  0    Dex: 16    Spells: 6/21 levels left

rFire    . . .     SeeInvis .   a - +3 flail (protect)
rCold    . . .     Gourm    .   (no shield)
rNeg     . . .     Faith    .   M - +1 robe (curse)
rPois    .         Spirit   .   A - +0 hat (curse)
rElec    .         Reflect  .   (no cloak)
rCorr    .         Harm     .   (gloves unavailable)
MR       +....                  (boots unavailable)
Stlth    ++........             v - amulet of regeneration (curse)
Regen    0.7/turn               y - +5 ring of dexterity (curse)
MPRegen  0.2/turn               (no ring)

@: lethally poisoned (-3 -> -3), very slightly contaminated, slowed, very slow
A: unfitting armour, tough skin 1
a: Curse Item, Scrying, Renounce Religion


You were on level 9 of the Dungeon.
You worshipped Ashenzari.
Ashenzari was pleased with you.
You were not hungry.

You visited 2 branches of the dungeon, and saw 11 of its levels.

You collected 528 gold pieces.

Inventory:

Hand Weapons
 a - a +3 flail of protection (weapon)
 b - a +2 dagger of venom
 p - a +1 vampiric whip
 D - a +1 vampiric short sword
 G - a +0 whip of electrocution
 O - a +5 vampiric scythe
 S - a +0 flail of holy wrath
 T - a +0 glaive
 W - a +1 short sword of protection
 Z - a +0 giant club
Missiles
 m - 73 stones (quivered)
 z - a throwing net
 V - 5 large rocks
Armour
 A - a cursed +0 hat (worn)
 I - a +1 hat
 M - a cursed +1 robe (worn)
Jewellery
 v - a cursed amulet of regeneration (around neck)
 y - a cursed +5 ring of dexterity (left hand)
 B - an uncursed ring of ice
Wands
 F - a wand of iceblast (15/15)
 H - a wand of confusion (32/48)
 L - a wand of iceblast (8/15)
 U - a wand of digging (9/24)
 X - a wand of iceblast (8/15)
Scrolls
 f - 4 scrolls of remove curse
 h - 2 scrolls of fear
 i - a scroll of blinking
 k - 2 scrolls of amnesia
 n - 2 scrolls of teleportation
 w - 4 scrolls of enchant armour
 Q - a scroll of identify
 Y - a scroll of recharging
Potions
 g - 2 potions of mutation
 j - a potion of flight {unknown}
 r - a potion of ambrosia {unknown}
 s - a potion of might {unknown}
 u - 2 potions of invisibility
 x - 2 potions of brilliance {unknown}
 C - 2 potions of agility
 E - a potion of haste {unknown}
 N - a potion of lignification {unknown}
 P - a potion of cancellation {unknown}
 R - a potion of curing
Books
 e - a book of Geomancy

   Spells                             Type                      Level
   a - Sandblast                      Earth                        1
   b - Passwall                       Transmutation/Earth          2
   c - Stone Arrow                    Conjuration/Earth            3
   d - Petrify                        Transmutation/Earth          4
   e - Lee's Rapid Deconstruction     Earth                        5
Comestibles
 d - 6 bread rations
 o - 5 meat rations
 q - 2 royal jellies
 t - 10 fruits
 K - 3 chunks of flesh


   Skills:
 + Level 9.4 Fighting
 + Level 6.4(7.9) Dodging
 - Level 1.4(2.4) Stealth
 - Level 6.0 Spellcasting
 + Level 6.3(7.8) Conjurations
 - Level 0.8(1.6) Transmutations
 + Level 7.5(9.0) Earth Magic


You had 6 spell levels left.
You knew the following spells:

 Your Spells              Type           Power        Failure   Level  Hunger
a - Sandblast             Erth           #####.       1%          1    None
b - Stone Arrow           Conj/Erth      ####..       1%          3    ##.....
c - Passwall              Tmut/Erth      ###.......   2%          2    None
d - Petrify               Tmut/Erth      ###.....     14%         4    ####...
e - Lee's Rapid Deconstr  Erth           #####.....   9%          5    #####..


Dungeon Overview and Level Annotations

Branches:
Dungeon (10/15)            Temple (1/1) D:6             Orc (0/2) D:9
   Lair: D:8-11

Altars:
Ashenzari
Cheibriados
Dithmenos
Elyvilon
Fedhas
Gozag
Hepliaklqana
Kikubaaqudgha
Makhleb
Nemelex Xobeh
Okawaru
Qazlal
Ru
Sif Muna
Trog
Uskayaw
Vehumet
Xom
Yredelemnul
Zin
The Shining One


Innate Abilities, Weirdness & Mutations

You are too large for most types of armour.
You have tough skin. (AC +1)


Message History

Press: ? - help, Shift-Dir - straight line, f/p - hornet
Aim: a hornet (almost dead)
The blast of sand hits the hornet.
The hornet is almost dead.
m - 74 stones You feel sick.
The hornet stings you.
* * * LOW HITPOINT WARNING * * *
You feel as though you will be slow longer.
The hornet stings you.
* * * LOW HITPOINT WARNING * * *
You feel as though you will be slow longer.
Casting: Sandblast
Confirm with . or Enter, or press ? or * to list all spells.
Aiming: Sandblast
Press: ? - help, Shift-Dir - straight line, f/p - hornet
Aim: a hornet (almost dead)
The blast of sand misses the hornet.
m - 73 stones You feel sick.
The hornet completely misses you. The hornet stings you!
You die...

..#..........#.....# ##..........
#.#.##########.....# #.###.###.#
..#.# #.....####.# #.# #.# ###.#
###.###....# #.###.# #.# #######
#.# ####.###...#.# ###.####.....#
#_# #.....####.#.#
....##.......#######.....# #.#..
##...#.#.................# #..##
#.....########.@.#####.## ##.#
#.#.#.# #..y<.....# #.# #.#.#.#
#...####### #.# #.#.#.# #...# #.#
#.#.#.# ######...# ####.##
##...[.# #........# #^.....
.....### #.####...# ######.##.#.
.##### #.###...#####......##.#.
.#########.#.........#.####.##...


You could see a hornet.

Vanquished Creatures
  Joseph (D:8)
  Sigmund (D:3)
  A wyvern (D:9)
  Eustachio (D:6)
  3 yaks (D:7)
  An ogre (D:9)
  6 orc warriors
  2 necrophages
  2 black bears
  2 phantoms
  3 ice beasts
  A centaur (D:7)
  A big kobold (D:8)
  6 bullfrogs
  3 scorpions
  5 howler monkeys
  A wight (D:8)
  2 crimson imps
  A bullfrog zombie (D:5)
  A centaur zombie (D:5)
  3 orc priests
  4 hounds
  3 jellies
  A bullfrog skeleton (D:8)
  4 orc wizards
  A centaur skeleton (D:5)
  5 iguanas
  Terence (D:3)
  Ijyb (D:4)
  4 worker ants
  2 hound skeletons (D:8)
  A worker ant zombie (D:7)
  17 gnolls
  2 howler monkey zombies
  10 adders
  3 shadow imps
  2 oozes
  An adder zombie (D:7)
  An adder skeleton (D:8)
  3 worms (D:2)
  A dart slug (D:1)
  10 leopard geckos
  53 orcs
  7 giant cockroaches
  2 gnoll zombies (D:9)
  4 goblins
  8 hobgoblins
  12 jackals
  5 quokkas
  15 bats
  4 frilled lizards
  19 kobolds
  7 rats
260 creatures vanquished.

Notes
Turn   | Place    | Note
-------+----------+-------------------------------------------
     0 | D:1      | Haldmier the Ogre Earth Elementalist began the quest for the Orb.
     0 | D:1      | Reached XP level 1. HP: 16/16 MP: 3/3
   330 | D:1      | Reached XP level 2. HP: 14/24 MP: 5/5
   858 | D:1      | Reached skill level 1 in Fighting
   964 | D:1      | Reached XP level 3. HP: 33/33 MP: 2/6
  1520 | D:2      | Learned a level 3 spell: Stone Arrow
  1578 | D:2      | Reached skill level 2 in Fighting
  1699 | D:2      | Reached XP level 4. HP: 38/42 MP: 2/7
  1886 | D:2      | Reached skill level 1 in Conjurations
  1943 | D:2      | Learned a level 2 spell: Passwall
  2600 | D:2      | Found a shattered altar of Ashenzari.
  2609 | D:2      | Became a worshipper of Ashenzari the Shackled
  2989 | D:3      | Reached skill level 3 in Fighting
  2989 | D:3      | Reached XP level 5. HP: 49/53 MP: 2/9
  3333 | D:3      | Found an iron altar of Okawaru.
  3416 | D:3      | Noticed Terence
  3421 | D:3      | Noticed Sigmund
  3654 | D:4      | You fall through a shaft for 2 floors!
  3762 | D:5      | Entered Level 5 of the Dungeon
  3830 | D:5      | Reached XP level 6. HP: 45/61 MP: 10/10
  3887 | D:5      | Found a glowing golden altar of the Shining One.
  4583 | D:4      | Noticed Ijyb
  4745 | D:3      | Found an opulent altar of Gozag.
  4745 | D:3      | Found a sacrificial altar of Ru.
  4748 | D:3      | Found an ancient bone altar of Kikubaaqudgha.
  4951 | D:4      | Noticed a phantom
  4980 | D:4      | Killed a phantom
  4980 | D:4      | Reached skill level 4 in Fighting
  4980 | D:4      | Reached XP level 7. HP: 70/70 MP: 2/12
  5278 | D:4      | Killed Ijyb
  5754 | D:5      | Found a hazy altar of Hepliaklqana.
  5959 | D:5      | Reached * piety under Ashenzari
  6382 | D:6      | Found a burning altar of Makhleb.
  6397 | D:6      | Noticed Eustachio
  6497 | D:6      | Reached skill level 5 in Earth Magic
  6576 | D:6      | Found a staircase to the Ecumenical Temple.
  6601 | Temple   | Entered the Ecumenical Temple
  6882 | D:6      | Reached skill level 5 in Fighting
  7000 | D:6      | Reached XP level 8. HP: 80/80 MP: 7/14
  7907 | D:7      | Reached skill level 5 in Spellcasting
  8150 | D:7      | Reached skill level 6 in Fighting
  8283 | D:6      | Killed Eustachio
  8393 | D:5      | Reached XP level 9. HP: 85/91 MP: 4/17
  8777 | D:3      | Killed Sigmund
  8906 | D:3      | Killed Terence
  9711 | D:7      | Reached skill level 7 in Fighting
 10226 | D:8      | Reached skill level 5 in Dodging
 10262 | D:8      | Noticed Joseph
 10277 | D:8      | Killed Joseph
 10277 | D:8      | Reached skill level 5 in Conjurations
 10539 | D:7      | Reached skill level 8 in Fighting
 10705 | D:7      | Reached XP level 10. HP: 78/104 MP: 2/19
 11564 | D:9      | Found a basalt altar of Yredelemnul.
 11729 | D:9      | Reached ** piety under Ashenzari
 11759 | D:9      | Learned a level 5 spell: Lee's Rapid Deconstruction
 11764 | D:9      | Learned a level 4 spell: Petrify
 11776 | D:9      | Found a white marble altar of Elyvilon.
 11984 | D:9      | Reached skill level 9 in Fighting
 12485 | D:9      | Found a staircase to the Orcish Mines.
 12771 | D:10     | Entered Level 10 of the Dungeon
 12784 | D:10     | Paralysed by a hornet for 3 turns
 12794 | D:9      | Slain by a hornet

Skill      XL: |  1  2  3  4  5  6  7  8  9 10 |
---------------+-------------------------------+-----
Earth Magic    | 3 4 5 6 7 |  7.5
Fighting       | 1 2 3 4 5 6 8 9 |  9.4
Conjurations   | 1 2 3 4 5 6 |  6.3
Spellcasting   | 3 4 5 6 |  6.0
Dodging        | 2 3 4 5 6 |  6.4
Stealth        | |  1.4
Transmutations | |  0.8

Action                   |  1- 3 |  4- 6 |  7- 9 | 10-12 || total
-------------------------+-------+-------+-------+-------++-------
Melee: Unarmed           |    61 |       |       |       ||    61
       Dagger            |     1 |    48 |       |     8 ||    57
       Short sword       |       |    27 |       |       ||    27
       Flail             |       |    75 |   338 |   124 ||   537
       Whip              |       |       |    41 |       ||    41
       Rapier            |       |       |    10 |       ||    10
Throw: Stone             |       |       |     1 |       ||     1
 Cast: Sandblast         |    43 |    38 |    26 |     7 ||   114
       Stone Arrow       |       |    19 |    82 |    54 ||   155
       Passwall          |       |     1 |       |       ||     1
       Petrify           |       |       |       |     2 ||     2
       Lee's Rapid Decon |       |       |       |     1 ||     1
Invok: Curse Item        |       |       |     3 |       ||     3
  Use: Scroll            |       |       |    13 |     3 ||    16
       Potion            |       |       |       |     1 ||     1
 Stab: Sleeping          |       |     2 |     4 |     1 ||     7
       Distracted        |       |       |     2 |       ||     2
  Eat: Chunk             |     3 |    11 |    24 |     8 ||    46
       Fruit             |       |       |     2 |       ||     2
       Royal jelly       |       |       |       |     1 ||     1
Armor: Robe              |    36 |    74 |   155 |    30 ||   295
Dodge: Dodged            |    51 |   106 |   355 |   134 ||   646
